 Dungeon Crawl Stone Soup version 0.27.0-1-g7a089689b8 (webtiles) character file.

Game seed: 11962097414790082554

66 sanka the Ducker (level 3, 0/16 HPs)
             Began as a Spriggan Fire Elementalist on July 31, 2021.
             Succumbed to an adder's poison
             ... on level 3 of the Dungeon.
             The game lasted 00:03:38 (3910 turns).

sanka the Ducker (Spriggan Fire Elementalist)       Turns: 3910, Time: 00:03:38

Health: 0/16       AC:  2    Str:  4    XL:     3   Next: 96%
Magic:  1/8        EV: 19    Int: 16    God:
Gold:   72         SH:  0    Dex: 16    Spells: 6/7 levels left

rFire    . . .     SeeInvis +   h - +0 flail
rCold    . . .     Faith    .   (shield restricted)
rNeg     . . .     Spirit   .   a - +0 robe
rPois    .         Reflect  .   (helmet restricted)
rElec    .         Harm     .   (no cloak)
rCorr    .         Rampage  .   (gloves unavailable)
Will     .....                  (boots unavailable)
Stlth    ++........             (no amulet)
HPRegen  0.05/turn              (no ring)
MPRegen  0.11/turn              (no ring)

@: lethally poisoned (0 -> -3), very slightly contaminated, very quick
A: very small, no large weapons, unfitting armour, see invisible, speed 3
a: no special abilities


You were on level 3 of the Dungeon.
You visited 1 branch of the dungeon, and saw 3 of its levels.

You collected 72 gold pieces.


Innate Abilities, Weirdness & Mutations

You are very small and have problems with some larger weapons.
You are too small for most types of armour.
You have supernaturally acute eyesight. (SInv)
You cover ground extremely quickly. (Speed+++)


   Skills:
 + Level 0.2 Fighting
 + Level 5.6 Dodging
 - Level 3.0 Stealth
 - Level 2.6 Spellcasting
 - Level 0.6 Conjurations
 - Level 2.4 Fire Magic


You had 6 spell levels left.
You knew the following spells:

 Your Spells              Type           Power      Damage    Failure   Level
y - Foxfire               Conj/Fire      24%        2x1d5     11%         1

Your spell library contained the following spells:

 Spells                   Type           Power      Damage    Failure   Level
 Summon Small Mammal      Summ           8%         N/A       19%         1
 Conjure Flame            Conj/Fire      6%         6-21      30%         3
 Inner Flame              Hex/Fire       6%         N/A       34%         3
 Call Canine Familiar     Summ           2%         N/A       50%         3
 Summon Guardian Golem    Hex/Summ       2%         N/A       50%         3
 Sticky Flame             Conj/Fire      6%         2d3       71%         4
 Fireball                 Conj/Fire      3%         3d4       96%         5

Inventory:

Hand Weapons
 d - a +0 dagger
 h - a +0 flail (weapon)
Armour
 a - a +0 robe (worn)
Wands
 f - a wand of polymorph (10)
Scrolls
 c - 2 scrolls of identify {unknown}
 e - a scroll of noise {unknown}
 g - a scroll of summoning {unknown}
 j - a scroll of enchant weapon {unknown}
Potions
 b - a potion of might {unknown}
 i - a potion of lignification {unknown}

Dungeon Overview and Level Annotations

Branches:
Dungeon (3/15)

Altars:

▒▒▒▒▒▒▒▒▒▒▒▒....▒ ▒▒▒▒
▒▒▒▒▒ ▒▒▒.........▒▒....▒
▒.... ............'.....▒
▒..... ▒▒▒.........▒▒.▒..▒
▒......
............▒▒....▒▒.......
▒▒..........▒▒▒▒.▒▒........
▒▒..........▒ ▒.▒..w..£...
▒▒..........▒ ▒.▒.........
▒▒..........▒ ▒i▒.......▒.
▒▒..........▒ ▒.'S......!▒
▒▒..........▒ ▒.'.......£▒
▒▒.▒▒▒▒▒▒▒▒▒▒ ▒.▒.......▒.
▒▒.▒ ▒.▒......... ...▒
▒.▒......... ▒▒▒▒
▒.▒▒........ ▒ ▒.. ▒......
▒ ▒▒. ▒....


You could see an adder.


Message History

The adder misses you. The worm bites you.
Unknown command.
You barely miss the adder.
The adder is severely wounded.
The adder misses you. The adder bites you.
You are poisoned.
The adder poisons you! The worm completely misses you.
You miss the adder.
The adder is severely wounded.
You feel very sick. The adder closely misses you.
The adder completely misses you. The worm bites you.
* * * LOW HITPOINT WARNING * * *
Unknown command.
You hit the adder but do no damage.
The adder is severely wounded.
* * * LOW HITPOINT WARNING * * *
You feel sick. The adder completely misses you. The adder bites you.
* * * LOW HITPOINT WARNING * * *
The worm closely misses you.
* * * LOW HITPOINT WARNING * * *
You feel sick.
There is a large open door here.
You die...

Action                   || total
-------------------------++-------
Melee: Unarmed           ||    30
       Dagger            ||    24
       Flail             ||    23
 Cast: Foxfire           ||   100
 Stab: Sleeping          ||     1
Armor: Robe              ||    19
Dodge: Dodged            ||   189

Levels and vault maps discovered:
D:1:      minmay_arrival_floating_metal, layout_rooms, basic_ecumenical_altar
D:2:      layout_loops_ring, dk_noncrumbling_4
D:3:      kennysheep_big_flooded_room, layout_basic, uniq_ijyb, uniq_purgy

Notes
Turn   | Place    | Note
-------+----------+-------------------------------------------
     0 | D:1      | sanka the Spriggan Fire Elementalist began the quest for
                  | the Orb.
     0 | D:1      | Reached XP level 1. HP: 9/9 MP: 5/5
    11 | D:1      | Reached skill level 3 in Dodging
   210 | D:1      | Reached XP level 2. HP: 9/13 MP: 0/6
   357 | D:2      | Reached skill level 4 in Dodging
   916 | D:1      | Reached XP level 3. HP: 16/16 MP: 0/8
  1416 | D:1      | Found a faded altar of an unknown god.
  1468 | D:1      | Reached skill level 5 in Dodging
  3908 | D:3      | HP: 1/16 [poisoned by an adder]
  3910 | D:3      | Succumbed to an adder's poison

Vanquished Creatures
  An adder (D:3)
  3 dart slugs
  2 orcs (D:3)
  4 bats (D:1)
  An endoplasm (D:2)
  2 giant cockroaches
  5 hobgoblins
  8 jackals
  3 quokkas (D:1)
  4 ball pythons
  3 frilled lizards
  3 goblins
  2 kobolds (D:2)
  2 rats (D:1)
43 creatures vanquished.

Vanquished Creatures (others)
  163 foxfires
163 creatures vanquished.

Grand Total: 206 creatures vanquished
